 Dungeon Crawl Stone Soup version 0.32-a0-411-g744942f433 (webtiles) character file.

Game seed: 2800030975837967503

801 pokeman the Thaumaturge (level 7, 0/40 HPs)
             Began as a Deep Elf Hedge Wizard on Feb 20, 2024.
             Killed from afar by a white imp (7 damage)
             ... with a puff of frost
             ... on level 5 of the Dungeon.
             The game lasted 00:08:39 (5522 turns).

pokeman the Thaumaturge (Deep Elf Hedge Wizard)     Turns: 5522, Time: 00:08:39

Health: 0/40       AC:  2    Str:  7    XL:     7   Next: 59%
Magic:  12/20      EV: 13    Int: 21    God:
Gold:   226        SH:  0    Dex: 14    Spells: 12/22 levels left

rFire   . . .        r - +2 flail (venom)
rCold   . . .        (no shield)
rNeg    . . .        b - +0 robe
rPois   .            c - +0 hat
rElec   .            (no cloak)
rCorr   .            (no gloves)
SInv    .            (no boots)
Will    .....        (no amulet)
Stlth   ++           (no ring)
HPRegen 0.26/turn    (no ring)
MPRegen 0.17/turn

%: no passive effects
@: very slightly contaminated
A: no striking features
a: no special abilities


You were on level 5 of the Dungeon.
You visited 1 branch of the dungeon, and saw 5 of its levels.

You collected 226 gold pieces.

Inventory:

Hand Weapons
 i - the +0 dagger of Giusk {flame, rPois rC+}
   (You took it off an orc on level 4 of the Dungeon)

   rC+:       It protects you from cold.
   rPois:     It protects you from poison
 r - a +2 flail of venom (weapon)
Armour
 b - a +0 robe (worn)
 c - a +0 hat (worn)
Jewellery
 g - an amulet of guardian spirit
Scrolls
 e - 5 scrolls of identify {unknown}
 h - 3 scrolls of enchant armour {unknown}
 j - a scroll of blinking {unknown}
 k - 2 scrolls of fog {unknown}
 l - 3 scrolls of vulnerability {unknown}
 m - a scroll of acquirement {unknown}
 o - 2 scrolls of poison {unknown}
 p - 3 scrolls of amnesia {unknown}
 q - a scroll of fear {unknown}
Potions
 a - 2 potions of attraction {unknown}
 d - a potion of magic
 f - 3 potions of curing {unknown}
 n - a potion of haste {unknown}


   Skills:
 - Level 2.1 Fighting
 + Level 1.4 Armour
 - Level 3.0 Dodging
 - Level 3.0 Stealth
 * Level 8.3 Spellcasting
 + Level 4.1 Conjurations
 - Level 1.1 Hexes
 - Level 1.1 Summonings
 - Level 1.1 Translocations
 + Level 2.5 Ice Magic
 - Level 1.0 Air Magic
 - Level 1.2 Alchemy


You had 12 spell levels left.
You knew the following spells:

 Your Spells              Type           Power      Damage    Failure   Level
a - Magic Dart            Conj           100%       1d8       1%          1
b - Mephitic Cloud        Conj/Alch/Air  17%        N/A       10%         3
c - Call Imp              Summ           26%        N/A       8%          2
d - Blink                 Tloc           26%        N/A       8%          2
e - Ensorcelled Hibernat  Hex/Ice        32%        N/A       5%          2

Your spell library contained the following spells:

 Spells                   Type           Power      Damage    Failure   Level
 Slow                     Hex            52%        N/A       4%          1
 Lesser Beckoning         Tloc           26%        N/A       8%          2
 Cigotuvi's Dreadful Rot  Necr/Alch/Air  22%        N/A       9%          2
 Confusing Touch          Hex            13%        N/A       14%         3
 Gell's Gravitas          Tloc           13%        N/A       14%         3
 Sigil of Binding         Hex            13%        N/A       14%         3
 Teleport Other           Tloc           13%        N/A       14%         3
 Fugue of the Fallen      Necr           8%         N/A       22%         3
 Vampiric Draining        Necr           8%         2d6       22%         3
 Anguish                  Hex/Necr       5%         N/A       52%         4


Dungeon Overview and Level Annotations

Branches:
Dungeon (5/15)
 Temple: D:4-7

Altars:
Dithmenos
Fedhas
Hepliaklqana
Okawaru
Xom

Shops:
D:1 [   D:2 (


Message History

The magic dart hits the white imp.
The white imp is moderately wounded.
The white imp gestures at you. The puff of frost hits you!
* * * LOW HITPOINT WARNING * * *
Casting: Magic Dart (safe; 1% risk of failure)
Confirm with . or Enter, or press ? or * to list all spells.
Aiming: Magic Dart (safe; 1% risk of failure)
Press: ? - help, Shift-Dir - straight line, f/p - white imp
Aim: a white imp (moderately wounded, 100% to hit)
You miscast Magic Dart.
You are very lightly contaminated with residual magic.
Nothing appears to happen.
Unknown command.
Casting: Magic Dart (safe; 1% risk of failure)
Confirm with . or Enter, or press ? or * to list all spells.
Aiming: Magic Dart (safe; 1% risk of failure)
Press: ? - help, Shift-Dir - straight line, f/p - white imp
Aim: a white imp (moderately wounded, 100% to hit)
The magic dart hits the white imp but does no damage.
The white imp is moderately wounded.
Unknown command.
Casting: Magic Dart (safe; 1% risk of failure)
Confirm with . or Enter, or press ? or * to list all spells.
Aiming: Magic Dart (safe; 1% risk of failure)
Press: ? - help, Shift-Dir - straight line, f/p - white imp
Aim: a white imp (moderately wounded, 100% to hit)
The magic dart hits the white imp.
The white imp is heavily wounded.
Unknown command.
Casting: Magic Dart (safe; 1% risk of failure)
Confirm with . or Enter, or press ? or * to list all spells.
Aiming: Magic Dart (safe; 1% risk of failure)
Press: ? - help, Shift-Dir - straight line, f/p - white imp
Aim: a white imp (heavily wounded, 100% to hit)
The magic dart hits the white imp.
The white imp is almost dead.
The white imp gestures at you. The puff of frost hits you!
You die...

#.~~~~≈~≈≈≈~P#
#P~≈≈≈≈≈≈~~~P##
####..~~~≈≈~~..P..
..>$P.≈~~~~..P.# .
#....P≈~~.....#
..##...P...~~~...#
.......P.PP.~....#
##..........P....#
...!.5..@..##...###
.....###########..#
#### # (# ##.#
##..# . ##..#
#.####..## .##...#
#####......## S...#
##.....######## .<#
## #..##### #. ###
...## #.## #.
....###.# #.


You could see a white imp.

Vanquished Creatures
  A water moccasin (D:4)
  A black bear (D:5)
  A phantom (D:4)
  A jelly (D:4)
  A hound (D:4)
  An orc priest (D:3)
  An iguana (D:4)
  Terence (D:2)
  Natasha (D:2)
  An orc wizard (D:3)
  2 adders (D:2)
  3 gnolls (D:4)
  2 ufetubi (D:5)
  4 ribbon worms
  3 dart slugs
  12 orcs
  6 bats
  6 endoplasms
  5 giant cockroaches
  8 hobgoblins
  10 jackals
  5 kobolds
  A quokka (D:2)
  10 ball pythons
  3 frilled lizards
  5 goblins
  6 rats
101 creatures vanquished.

Vanquished Creatures (collateral kills)
  An ogre (D:4)
1 creature vanquished.

Grand Total: 102 creatures vanquished

Notes
Turn   | Place    | Note
-------+----------+-------------------------------------------
     0 | D:1      | pokeman the Deep Elf Hedge Wizard began the quest for the
                  | Orb.
     0 | D:1      | Reached XP level 1. HP: 10/10 MP: 7/7
    63 | D:1      | Reached XP level 2. HP: 14/16 MP: 0/9
   372 | D:1      | Reached skill level 5 in Spellcasting
   463 | D:1      | Reached XP level 3. HP: 18/20 MP: 7/11
   467 | D:1      | Learned a level 3 spell: Mephitic Cloud
   470 | D:1      | Learned a level 2 spell: Call Imp
   473 | D:1      | Learned a level 2 spell: Blink
   638 | D:1      | Found Ahiamp's Antique Armour Shop.
   745 | D:1      | Reached skill level 1 in Armour
   925 | D:1      | Reached skill level 1 in Fighting
  1162 | D:2      | Found a shadowy altar of Dithmenos.
  1441 | D:2      | Reached XP level 4. HP: 25/25 MP: 11/13
  1636 | D:2      | Found Conuv's Weapon Boutique.
  2172 | D:2      | Noticed Natasha
  2181 | D:2      | Killed Natasha
  2182 | D:2      | Reached skill level 6 in Spellcasting
  2182 | D:2      | Reached XP level 5. HP: 29/29 MP: 10/15
  2378 | D:2      | Noticed Terence
  2409 | D:2      | Killed Terence
  2757 | D:3      | Found an iron altar of Okawaru.
  2771 | D:3      | Reached skill level 1 in Air Magic
  3185 | D:3      | Reached skill level 1 in Alchemy
  3202 | D:3      | Reached XP level 6. HP: 31/34 MP: 4/17
  3307 | D:3      | Found a faded altar of an unknown god.
  3479 | D:3      | Found a hazy altar of Hepliaklqana.
  3487 | D:3      | Found a shimmering altar of Xom.
  3487 | D:3      | Noticed a will-o-the-wisp
  3491 | D:3      | Learned a level 2 spell: Ensorcelled Hibernation
  3491 | D:3      | Noticed a spectral ugly thing
  3491 | D:3      | Noticed a will-o-the-wisp
  3874 | D:4      | Reached skill level 7 in Spellcasting
  3874 | D:4      | Reached skill level 1 in Hexes
  4008 | D:4      | Found a blossoming altar of Fedhas.
  4083 | D:4      | Reached skill level 1 in Ice Magic
  4627 | D:4      | Reached XP level 7. HP: 39/39 MP: 13/20
  4894 | D:4      | Identified the +0 dagger of Giusk {flame, rPois rC+}
  5276 | D:5      | Entered Level 5 of the Dungeon
  5295 | D:4      | Reached skill level 8 in Spellcasting
  5522 | D:5      | Killed from afar by a white imp

Illustrated notes

Levels and vault maps discovered:
D:1:      ldierk_walled_garden_2, layout_basic, serial_shops, nicolae_shop_trees
D:2:      minmay_skewed_foursquare, layout_loops_corners, basic_altar,
          serial_shops, nicolae_shop_tiny_statue_garden, uniq_terence,
          uniq_natasha
D:3:      layout_loops_corners, amcnicky_altar_gilded,
          regret_index_temple_of_mockery, shapermc_ecumenical_altar_totnotflames
D:4:      layout_loops_corners, mainiacjoe_overflow_concentric_impassable,
          kennysheep_generic_room_15
D:5:      layout_rooms, overflow_temple_1_default, ebering_ghost_rock_garden,
          guppyfry_early_lair_pool

Skill      XL: |  1  2  3  4  5  6  7 |
---------------+----------------------+-----
Spellcasting   | 5 6 7 8 |  8.3
Armour         | 1 |  1.4
Fighting       | 1 2 |  2.1
Conjurations   | 2 3 4 |  4.1
Stealth        | 3 |  3.0
Dodging        | 3 |  3.0
Air Magic      | 1 |  1.0
Alchemy        | 1 |  1.2
Hexes          | 1 |  1.1
Ice Magic      | 1 2 |  2.5
Summonings     | |  1.1
Translocations | |  1.1

Action                     |  1- 3 |  4- 6 |  7- 9 || total
---------------------------+-------+-------+-------++-------
  Melee: Dagger            |     9 |       |       ||     9
         Whip              |       |    57 |       ||    57
         Flail             |       |     1 |     3 ||     4
   Cast: Magic Dart        |    93 |   140 |    50 ||   283
         Mephitic Cloud    |     1 |     7 |     1 ||     9
         Blink             |       |     1 |       ||     1
         Call Imp          |       |     1 |       ||     1
         Ensorcelled Hiber |       |     1 |       ||     1
   Stab: Confused          |     1 |     8 |       ||     9
 Armour: Robe              |    17 |    16 |    13 ||    46
  Dodge: Dodged            |    13 |    44 |    16 ||    73

Table legend: (Time is in decaauts)
 A = Elapsed time spent in this place.
 B = Non-inter-level travel time spent in this place.
 C = Inter-level travel time spent in this place.
 D = Time resting spent in this place.
 E = Time spent auto-exploring this place.
 F = Levels seen in this place.
 G = Mean time per level.
                   A        B        C        D        E       F      G
               +--------+--------+--------+--------+--------+-----+--------+
         Total |   5528 |   5368 |    160 |     30 |   4731 |   5 | 1105.6 |
       Dungeon |   5528 |   5368 |    160 |     30 |   4731 |   5 | 1105.6 |
               +--------+--------+--------+--------+--------+-----+--------+

Top non-repeatable levels by time:
     D:2: 1592 daAuts
     D:4: 1512 daAuts
     D:1: 1162 daAuts
     D:3: 1091 daAuts
     D:5: 169 daAuts
